 Dungeon Crawl Stone Soup version 0.30-a0-3-gc9032a9cac (webtiles) character file.

Game seed: 2244371986602644339

42 BritishOli the Trooper (level 3, 0/29 HPs)
             Began as a Demonspawn Fighter on Aug 20, 2022.
             Slain by a scorpion (3 damage)
             ... on level 2 of the Dungeon.
             The game lasted 00:01:03 (1552 turns).

BritishOli the Trooper (Demonspawn Fighter)         Turns: 1552, Time: 00:01:03

Health: 0/29       AC:  7    Str: 18    XL:     3   Next: 35%
Magic:  3/3        EV:  9    Int:  9    God:
Gold:   64         SH:  4    Dex: 12    Spells: 2/2 levels left

rFire   . . .      SeeInvis +    a - +0 long sword
rCold   . . .      Faith    .    c - +0 buckler
rNeg    . . .      Spirit   .    b - +0 scale mail
rPois   .          Reflect  .    (no helmet)
rElec   .          Harm     .    (no cloak)
rCorr   .          Rampage  .    (no gloves)
Will    .....                    (no boots)
Stlth   ..........               (no amulet)
HPRegen 0.09/turn                e - ring of see invisible
MPRegen 0.08/turn                (no ring)

@: lethally poisoned (0 -> -15)
A: claws 1, sharp scales 1
a: no special abilities


You were on level 2 of the Dungeon.
You visited 1 branch of the dungeon, and saw 2 of its levels.

You collected 64 gold pieces.

Inventory:

Hand Weapons
 a - a +0 long sword (weapon)
Armour
 b - a +0 scale mail (worn)
 c - a +0 buckler (worn)
Jewellery
 e - a ring of see invisible (left claw)
Scrolls
 f - 3 scrolls of blinking {unknown}
 h - 2 scrolls of identify {unknown}
 k - a scroll of teleportation {unknown}
 l - a scroll of noise {unknown}
Potions
 d - a potion of might
 g - a potion of lignification
 i - a potion of haste {unknown}
 j - a potion of curing {unknown}
 m - a potion of cancellation
 n - a potion of brilliance {unknown}
 o - a potion of invisibility {unknown}


   Skills:
 + Level 3.3 Fighting
 + Level 2.3 Long Blades
 + Level 3.0 Armour
 + Level 3.1 Shields


You had 2 spell levels left.
You didn't know any spells.
Your spell library was empty.

Dungeon Overview and Level Annotations

Branches:
Dungeon (2/15)

Altars:
Qazlal


Innate Abilities, Weirdness & Mutations

You have sharp fingernails.
You are partially covered in razor-sharp scales. (AC +1, Slay +1)


Message History

A quokka comes into view.
A quokka is nearby!
A quokka is nearby!
You miss the quokka. The quokka bites you. You block the quokka's attack.
You slash the quokka!
You kill the quokka!
o - a glowing puce potion No target in view!
A scorpion comes into view.
A scorpion is nearby!
The scorpion stings you.
A scorpion is nearby!
You hit the scorpion.
The scorpion is lightly wounded.
The scorpion stings you.
You are poisoned.
The scorpion poisons you!
A scorpion is nearby!
You completely miss the scorpion.
The scorpion is lightly wounded.
You feel very sick.
The scorpion stings you but does no damage.
The scorpion stings you.
You are lethally poisoned!
The scorpion poisons you!
It was a potion of lignification.
You turn into a tree.
Your +0 scale mail melds into your body.
Your roots penetrate the ground.
* * * LOW HITPOINT WARNING * * *
You feel very sick.
The scorpion stings you but does no damage.
It was a potion of cancellation.
Your magical effects are unravelling.
You feel magically purged.
You feel less wooden.
Your +0 scale mail unmelds from your body.
* * * LOW HITPOINT WARNING * * *
You feel very sick. The scorpion stings you.
You die...

# ## #. .#########.
.#.........
####.########...#######.
#.....s@............###.
..#.#####.##....^.......
#........>......
#.##..........##
#......####.#.##
#.##........#.##
#..#....#.#....#
#..#....#.<....+ ###
#..#....######.#


You could see a scorpion.

Vanquished Creatures
  An adder (D:2)
  4 bats (D:1)
  5 endoplasms
  A giant cockroach (D:1)
  3 goblins (D:1)
  2 hobgoblins (D:1)
  4 kobolds
  3 quokkas
  4 ball pythons
  A frilled lizard (D:1)
  4 rats
32 creatures vanquished.

Notes
Turn   | Place    | Note
-------+----------+-------------------------------------------
     0 | D:1      | BritishOli the Demonspawn Fighter began the quest for the
                  | Orb.
     0 | D:1      | Reached XP level 1. HP: 18/18 MP: 1/1
   204 | D:1      | Gained mutation: You are partially covered in razor-sharp
                  | scales. (AC +1, Slay +1) [demonic ancestry]
   204 | D:1      | Reached XP level 2. HP: 24/24 MP: 2/2
   446 | D:1      | Found a faded altar of an unknown god.
  1217 | D:2      | Gained mutation: You have sharp fingernails. [demonic
                  | ancestry]
  1217 | D:2      | Reached XP level 3. HP: 29/29 MP: 3/3
  1351 | D:2      | Found a stormy altar of Qazlal.
  1546 | D:2      | Noticed a scorpion
  1552 | D:2      | Slain by a scorpion

Illustrated notes

Levels and vault maps discovered:
D:1:      minmay_arrival_nine_rooms, layout_basic,
          ebering_ecumenical_altar_hall, st_stairs_6, minmay_pentomino_x4
D:2:      layout_basic, basic_altar, chequers_serial_rivers_large_a,
          chequers_serial_rivers_micro_c, chequers_serial_rivers_room_b,
          roderic_lattice_a

Skill      XL: |  1  2 |
---------------+-------+-----
Long Blades    | 2 |  2.3
Armour         | 3 |  3.0
Shields        | 3 |  3.1
Fighting       | |  3.3

Action                   || total
-------------------------++-------
Melee: Long sword        ||    85
  Use: Potion            ||     2
Armor: Scale mail        ||    43
       Skin              ||     1
Dodge: Dodged            ||    39
Block: Buckler           ||    19

Table legend: (Time is in decaauts)
 A = Elapsed time spent in this place.
 B = Non-inter-level travel time spent in this place.
 C = Inter-level travel time spent in this place.
 D = Time resting spent in this place.
 E = Time spent auto-exploring this place.
 F = Levels seen in this place.
 G = Mean time per level.
                   A        B        C        D        E       F      G
               +--------+--------+--------+--------+--------+-----+--------+
         Total |   1585 |   1581 |      4 |    175 |   1190 |   2 |  792.5 |
       Dungeon |   1585 |   1581 |      4 |    175 |   1190 |   2 |  792.5 |
               +--------+--------+--------+--------+--------+-----+--------+

Top non-repeatable levels by time:
     D:1: 1087 daAuts
     D:2: 498 daAuts
